 Dungeon Crawl Stone Soup version 0.27.1 (webtiles) character file.

Game seed: 6711916090187160457

5 nxtlvl the Ducker (level 1, 0/11 HPs)
             Began as a Spriggan Monk on Aug 28, 2021.
             Succumbed to a kobold's poison
             ... on level 4 of the Dungeon.
             The game lasted 00:01:39 (181 turns).

nxtlvl the Ducker (Spriggan Monk)                    Turns: 181, Time: 00:01:40

Health: 0/11       AC:  2    Str:  7    XL:     1   Next: 66%
Magic:  2/2        EV: 18    Int: 11    God:
Gold:   20         SH:  0    Dex: 17    Spells: 0/0 levels left

rFire    . . .     SeeInvis +     - Unarmed
rCold    . . .     Faith    .   (shield restricted)
rNeg     . . .     Spirit   .   a - +0 robe
rPois    .         Reflect  .   (helmet restricted)
rElec    .         Harm     .   (no cloak)
rCorr    .         Rampage  .   (gloves unavailable)
Will     .....                  (boots unavailable)
Stlth    ++........             (no amulet)
HPRegen  0.03/turn              (no ring)
MPRegen  0.08/turn              (no ring)

@: lethally poisoned (0 -> -5), very quick
A: very small, no large weapons, unfitting armour, see invisible, speed 3
a: no special abilities


You were on level 4 of the Dungeon.
You visited 1 branch of the dungeon, and saw 4 of its levels.

You collected 20 gold pieces.

Inventory:

Hand Weapons
 b - a +0 quarterstaff
Missiles
 d - 8 poisoned darts (quivered)
Armour
 a - a +0 robe (worn)
Scrolls
 c - a scroll of blinking {unknown}


   Skills:
 - Level 2.4 Fighting
 - Level 4.0 Dodging
 - Level 3.0 Stealth
 * Level 2.7 Unarmed Combat


You couldn't memorise any spells.
You didn't know any spells.
Your spell library was empty.

Dungeon Overview and Level Annotations

Branches:
Dungeon (4/15)
 Temple: D:4-7

Altars:


Innate Abilities, Weirdness & Mutations

You are very small and have problems with some larger weapons.
You are too small for most types of armour.
You have supernaturally acute eyesight. (SInv)
You cover ground extremely quickly. (Speed+++)


Message History

There is a stone staircase leading down here.
You climb downwards.
There is a stone staircase leading up here.
Found a stone staircase leading down.
Found a stone staircase leading up.
There is a stone staircase leading up here.
You climb upwards.
Found a scroll labelled JYLIREZYLOUP.
There is a stone staircase leading down here.
c - a scroll labelled JYLIREZYLOUP
There is a stone staircase leading down here.
You climb downwards.
There is a stone staircase leading up here.
There is a stone staircase leading down here.
You climb downwards.
There is a stone staircase leading up here.
Found a scroll labelled JUNUME XYXE.
Found a ring mail.
Found 16 gold pieces.
Found a stone staircase leading up.
A kobold comes into view.
It is wielding a +0 club and quivering poisoned darts.
Found a ring mail.
The kobold shouts!
You hear an angry hiss.
The kobold throws a poisoned dart.
The poisoned dart hits you!
You are lethally poisoned!
An adder skeleton comes into view.
You feel sick. The kobold hits you with a +0 club.
You hit the kobold.
You kill the kobold!
You feel sick.
You aren't carrying any potions.
Unknown command.
You feel sick.
Things that are here:
a +0 club; 8 poisoned darts; a kobold corpse
d - 8 poisoned darts
* * * LOW HITPOINT WARNING * * *
You feel sick.
* * * LOW HITPOINT WARNING * * *
You feel sick.
You die...

#..#.##.####.#
#... #.#
.###...###.# ##
..$.#.#....##.#.#
...............##
#..#.#.#......S[..
#...?...##.#......
#.#.#.#.#.##......
##....@.)Z......
####<#.[.......
#.#.##...... #.#.#
...... #.#.# .....
#.#.# ##### #.#.#
#.#.#


You could see an adder skeleton.

Vanquished Creatures
  A goblin (D:1)
  A hobgoblin (D:1)
  A bat (D:1)
  A frilled lizard (D:1)
  A kobold (D:4)
  A rat (D:1)
6 creatures vanquished.

Notes
Turn   | Place    | Note
-------+----------+-------------------------------------------
     0 | D:1      | nxtlvl the Spriggan Monk began the quest for the Orb.
     0 | D:1      | Reached XP level 1. HP: 11/11 MP: 2/2
    76 | D:1      | Found a faded altar of an unknown god.
   181 | D:4      | Succumbed to a kobold's poison

Illustrated notes

Levels and vault maps discovered:
D:1:      eino_arrival_cavern_c, layout_loops_ring,
          ebering_ecumenical_altar_box, minmay_misc_feat_rows
D:2:      layout_basic, due_unseen_surprise
D:3:      layout_loops_cross, ashenzari_altar_1,
          gammafunk_temple_overflow_pools, serial_bayou_ford_a,
          minmay_misc_feat_nine_boxes, serial_bayou_lagoon_b
D:4:      layout_loops_ring, nicolae_dithmenos_through_a_glass_darkly,
          serial_rivers, chequers_serial_rivers_room_a,
          chequers_serial_rivers_micro_c, chequers_serial_rivers_micro_e,
          chequers_serial_rivers_small_3, hex_tiny,
          minmay_misc_feat_four_crosses, feat_on_display

Action                   || total
-------------------------++-------
Melee: Unarmed           ||    24
 Stab: Sleeping          ||     2
Armor: Robe              ||     4
Dodge: Dodged            ||    18
